 Dungeon Crawl Stone Soup version 0.26-a0-1033-gd598b01645 (webtiles) character file.

Game seed: 115941049921438154

135 Morbidden the Conjurer (level 4, -1/32 HPs)
             Began as a Demonspawn Conjurer on Dec 10, 2020.
             Slain by an ice beast (12 damage)
             ... on level 3 of the Dungeon.
             The game lasted 00:04:54 (4013 turns).

Morbidden the Conjurer (Demonspawn Conjurer)        Turns: 4013, Time: 00:04:54

Health: -1/32      AC:  3    Str:  8    XL:     4   Next: 97%
Magic:  1/9        EV: 12    Int: 20    God:
Gold:   221        SH:  0    Dex: 13    Spells: 7/10 levels left

rFire    . . .     SeeInvis .   h - +2 dagger (speed)
rCold    . . .     Faith    .   (no shield)
rNeg     . . .     Spirit   .   i - +1 robe {Will+}
rPois    .         Reflect  .   (no helmet)
rElec    .         Harm     .   (no cloak)
rCorr    .         Rampage  .   (no gloves)
Will     +....                  (no boots)
Stlth    +++.......             (no amulet)
HPRegen  0.10/turn              (no ring)
MPRegen  0.11/turn              (no ring)

@: no status effects
A: thin skeletal structure 1
a: no special abilities


You were on level 3 of the Dungeon.
You visited 1 branch of the dungeon, and saw 3 of its levels.

You collected 221 gold pieces.

Inventory:

Hand Weapons
 h - a +2 dagger of speed (weapon)
Armour
 i - a +1 robe of willpower (worn)
Scrolls
 f - a scroll of amnesia
 j - a scroll of remove curse {unknown}
 k - 2 scrolls of teleportation
 m - a scroll of immolation {unknown}
 n - a scroll of fog {unknown}
Potions
 a - 2 potions of heal wounds
 b - a potion of might {unknown}
 c - a potion of ambrosia {unknown}
 d - a potion of curing {unknown}
 e - a potion of cancellation {unknown}
 g - a potion of attraction {unknown}
 l - a potion of mutation {unknown}


   Skills:
 * Level 1.1 Fighting
 + Level 1.9 Dodging
 + Level 2.0 Stealth
 + Level 0.1 Unarmed Combat
 * Level 3.5 Spellcasting
 * Level 4.9 Conjurations


You had 7 spell levels left.
You knew the following spells:

 Your Spells              Type           Power        Failure   Level
a - Magic Dart            Conj           ###.         1%          1
b - Searing Ray           Conj           ###...       2%          2

Your spell library contained the following spells:

 Spells                   Type           Power        Failure   Level
 Animate Skeleton         Necr           #.....       14%         1
 Apportation              Tloc           #.....       14%         1
 Corona                   Hex            #......      14%         1
 Summon Small Mammal      Summ           #...         14%         1
 Dazzling Flash           Conj/Hex       ##....       14%         3
 Fulminant Prism          Conj/Hex       ##........   43%         4
 Iskenderun's Mystic Bla  Conj/Tloc      ##......     43%         4


Dungeon Overview and Level Annotations

Branches:
Dungeon (3/15)

Altars:
Nemelex Xobeh
Sif Muna


Innate Abilities, Weirdness & Mutations

You have a somewhat thin skeletal structure. (Dex +2, Stealth)


Message History

The searing ray hits the ice beast.
The ice beast is heavily wounded.
The searing ray misses the ice beast.
The searing ray hits the ice beast.
The ice beast is heavily wounded.
You finish channeling your searing ray.
The ice beast hits you. The ice beast freezes you!
Unknown command.
Casting: Searing Ray (safe; 2% risk of failure)
Confirm with . or Enter, or press ? or * to list all spells.
Aiming: Searing Ray (safe; 2% risk of failure)
Press: ? - help, Shift-Dir - straight line, f/p - ice beast
Aim: an ice beast (heavily wounded, 22% to evade)
The searing ray hits the ice beast.
The ice beast is heavily wounded. (Press . to maintain the ray.)
The ice beast hits you. The ice beast freezes you.
The searing ray misses the ice beast.
The ice beast hits you. The ice beast freezes you!
You die...

#............)..........
#############.##########
#.# ###### #.#
#######....# #.#
#.....'....# #.#
#.#####....###########.#
#.# #....+.....^..##.#
#Y# #....#....@##.##.#
#.# ##'#.#...Y..#.##.#
#.# ##.#Y#......#.##.#
#.# #..#.#...†..#.##'###
#.# #..#.#......#[.....#
#.# #.##.#.######......#
#.# #........†..'......#
#.# ####.########......#
#.# #.............###


You could see an ice beast.

Vanquished Creatures
  5 adders
  An ooze (D:1)
  2 worms
  5 orcs (D:3)
  2 giant cockroaches
  11 goblins
  9 hobgoblins
  10 jackals
  A quokka (D:2)
  8 bats
  4 frilled lizards
  8 kobolds
  7 rats
73 creatures vanquished.

Notes
Turn   | Place    | Note
-------+----------+-------------------------------------------
     0 | D:1      | Morbidden the Demonspawn Conjurer began the quest for the
                  | Orb.
     0 | D:1      | Reached XP level 1. HP: 13/13 MP: 3/3
   325 | D:1      | Gained mutation: You have a somewhat thin skeletal
                  | structure. (Dex +2, Stealth) [demonic ancestry]
   325 | D:1      | Reached XP level 2. HP: 6/19 MP: 0/5
   662 | D:1      | Learned a level 2 spell: Searing Ray
  1193 | D:1      | Reached XP level 3. HP: 24/24 MP: 2/6
  2357 | D:2      | Found a faded altar of an unknown god.
  2541 | D:2      | Found a shimmering blue altar of Sif Muna.
  2565 | D:2      | Noticed an ice beast
  2728 | D:2      | Found a sparkling altar of Nemelex Xobeh.
  2786 | D:2      | Reached XP level 4. HP: 26/31 MP: 0/8
  3287 | D:3      | Reached skill level 1 in Fighting
  4013 | D:3      | Slain by an ice beast

Illustrated notes

Levels and vault maps discovered:
D:1:      wander_arrival_abandoned_jail, layout_loops_corners
D:2:      layout_basic, general_overflow_altar, lemuel_doored_altar,
          chequers_ecumenical_altar_grove, minmay_split_cup_large
D:3:      layout_basic, gammafunk_ghost_icy

Skill      XL: |  1  2  3  4 |
---------------+-------------+-----
Spellcasting   | 3 |  3.5
Fighting       | 1 |  1.1
Stealth        | 2 |  2.0
Dodging        | |  1.9
Unarmed Combat | |  0.1
Conjurations   | |  4.9

Action                   |  1- 3 |  4- 6 || total
-------------------------+-------+-------++-------
Melee: Club              |    15 |       ||    15
       Unarmed           |    23 |       ||    23
       Dagger            |       |    13 ||    13
 Cast: Magic Dart        |    78 |    51 ||   129
       Searing Ray       |     7 |     5 ||    12
  Use: Scroll            |     2 |     3 ||     5
Armor: Robe              |     8 |     3 ||    11
Dodge: Dodged            |    50 |     9 ||    59

Table legend: (Time is in decaauts)
 A = Elapsed time spent in this place.
 B = Non-inter-level travel time spent in this place.
 C = Inter-level travel time spent in this place.
 D = Time resting spent in this place.
 E = Time spent auto-exploring this place.
 F = Levels seen in this place.
 G = Mean time per level.
                   A        B        C        D        E       F      G
               +--------+--------+--------+--------+--------+-----+--------+
         Total |   4010 |   3964 |     46 |    432 |   3068 |   3 | 1336.7 |
       Dungeon |   4010 |   3964 |     46 |    432 |   3068 |   3 | 1336.7 |
               +--------+--------+--------+--------+--------+-----+--------+

Top non-repeatable levels by time:
     D:1: 1661 daAuts
     D:2: 1258 daAuts
     D:3: 1090 daAuts
